 Dungeon Crawl Stone Soup version 0.32-a0-876-gcfddb08e57 (webtiles) character file.

Game seed: 6285685267847821938

25 bmack86 the Shield-Bearer (level 2, -4/26 HPs)
             Began as a Minotaur Fighter on Apr 1, 2024.
             Incinerated by a bombardier beetle (5 damage)
             ... with a burning spray
             ... on level 2 of the Dungeon.
             The game lasted 00:02:57 (1160 turns).

bmack86 the Shield-Bearer (Minotaur Fighter)        Turns: 1160, Time: 00:02:58

Health: -4/26      AC: 10    Str: 20    XL:     2   Next: 86%
Magic:  1/1        EV:  8    Int:  5    God:
Gold:   52         SH:  4    Dex:  9    Spells: 1/1 levels left

rFire   . . .        a - +0 war axe
rCold   . . .        c - +0 buckler
rNeg    . . .        b - +0 scale mail
rPois   .            (helmet restricted)
rElec   .            h - +1 cloak {Stlth+}
rCorr   .            (no gloves)
SInv    .            g - +0 pair of boots
Will    .....        (no amulet)
Stlth   +            (no ring)
HPRegen 0.24/turn    (no ring)
MPRegen 0.07/turn

%: no passive effects
@: on fire, glowing
A: horns 2, retaliatory headbutt
a: no special abilities


You were on level 2 of the Dungeon.
You visited 1 branch of the dungeon, and saw 2 of its levels.

You collected 52 gold pieces.

Inventory:

Hand Weapons
 a - a +0 war axe (weapon)
Armour
 b - a +0 scale mail (worn)
 c - a +0 buckler (worn)
 g - a +0 pair of boots (worn)
 h - a +1 cloak of stealth (worn)
Scrolls
 f - a scroll of noise {unknown}
 j - a scroll of fear {unknown}
Potions
 d - a potion of might
 e - a potion of mutation
 i - a potion of enlightenment
 l - a potion of degeneration {unknown}


   Skills:
 - Level 3.6 Fighting
 + Level 3.1 Axes
 - Level 3.6 Armour
 * Level 4.6 Shields


You had one spell level left.
You didn't know any spells.
Your spell library contained the following spells:

 Spells                   Type           Power      Damage    Failure   Level
 Tukima's Dance           Hex            0%         N/A       99%         3
 Brom's Barrelling Bould  Conj/Erth      0%         2d3       100%        4
 Passage of Golubria      Tloc           0%         N/A       100%        4
 Fireball                 Conj/Fire      0%         3d3       100%        5
 Iskenderun's Battlesphe  Conj           0%         2d6       100%        5
 Yara's Violent Unravell  Hex/Alch       0%         3d3       100%        5
 Conjure Ball Lightning   Conj/Air       0%         3x3d6     100%        6
 Orb of Destruction       Conj           0%         9d5       100%        7


Dungeon Overview and Level Annotations

Branches:
Dungeon (2/15)

Altars:

Shops:
D:1 ((=*


Innate Abilities, Weirdness & Mutations

You have a pair of horns on your head.
You reflexively headbutt those who attack you in melee.


Message History

You kill the rat!
Found 6 stones.
You see here 6 stones.
A bombardier beetle comes into view.
You see here a scroll labelled ZYIRAK DUMM.
k - 2 scrolls labelled ZYIRAK DUMM (gained 1)
As you read the scroll labelled ZYIRAK DUMM, it crumbles to dust.
It is a scroll of identify.
e - a potion of mutation
As you read the scroll of identify, it crumbles to dust.
i - a potion of enlightenment You block the bombardier beetle's attack.
You hit the bombardier beetle but do no damage.
The bombardier beetle sprays incendiary fluid at you.
The burning spray hits you.
You are covered in liquid fire!
You hit the bombardier beetle. You headbutt the bombardier beetle.
The bombardier beetle is moderately wounded.
The liquid fire burns you!
You block the bombardier beetle's attack.
You barely miss the bombardier beetle.
You headbutt the bombardier beetle, but do no damage.
The bombardier beetle is moderately wounded.
The liquid fire burns you!
You barely miss the bombardier beetle.
You headbutt the bombardier beetle, but do no damage.
The bombardier beetle is moderately wounded.
The liquid fire burns you!
* * * LOW HITPOINT WARNING * * *
The bombardier beetle sprays incendiary fluid at you.
The burning spray hits you.
You are even more covered in liquid fire!
You shake off some of the fire as you move.
The liquid fire burns you!
* * * LOW HITPOINT WARNING * * *
You slash the bombardier beetle!
Your headbutt misses the bombardier beetle.
The bombardier beetle is severely wounded.
The liquid fire burns you!
You die...

#...##...........
###...##(..........
...................
###...##...........
#######..........
#.......... ##
#...#...... .###
####...########...#
...........B@......#
################.#.#
.# .. ##. .# #


You could see a bombardier beetle.

Vanquished Creatures
  A dart slug (D:1)
  2 bats
  3 endoplasms (D:1)
  A giant cockroach (D:1)
  2 goblins (D:1)
  2 hobgoblins (D:1)
  A quokka (D:1)
  3 frilled lizards
  4 kobolds
  3 rats
22 creatures vanquished.

Notes
Turn   | Place    | Note
-------+----------+-------------------------------------------
     0 | D:1      | bmack86 the Minotaur Fighter began the quest for the Orb.
     0 | D:1      | Reached XP level 1. HP: 19/19 MP: 0/0
    43 | D:1      | Found Nihiuh's Antique Weapon Shop.
   330 | D:1      | Reached skill level 4 in Shields
   381 | D:1      | Reached XP level 2. HP: 26/26 MP: 1/1
   548 | D:1      | Found Xegepig's Antique Weapon Shop.
   632 | D:1      | Found Ziluqiaf's Assorted Antiques.
   673 | D:1      | Found Qiakuq's Jewellery Emporium.
  1139 | D:2      | Noticed a bombardier beetle
  1159 | D:2      | HP: 1/26 [burnt (3)]
  1160 | D:2      | Incinerated by a bombardier beetle

Illustrated notes

Levels and vault maps discovered:
D:1:      minmay_arrival_four_loops, layout_loops_corners, serial_shops,
          nicolae_shop_tiny_statue_garden, nicolae_shop_getting_attention,
          nicolae_shop_behind_doors, nicolae_diamond_shop
D:2:      layout_basic, hellmonk_ecumenical_altar_prayer_group

Skill      XL: |  1  2 |
---------------+-------+-----
Shields        | 4 |  4.6
Axes           | 3 |  3.1
Fighting       | |  3.6
Armour         | |  3.6

Action                     || total
---------------------------++-------
  Melee: War axe           ||    54
         Headbutt          ||     8
    Use: Scroll            ||     2
 Armour: Scale mail        ||    31
  Dodge: Dodged            ||    21
  Block: Buckler           ||    11

Table legend: (Time is in decaauts)
 A = Elapsed time spent in this place.
 B = Non-inter-level travel time spent in this place.
 C = Inter-level travel time spent in this place.
 D = Time resting spent in this place.
 E = Time spent auto-exploring this place.
 F = Levels seen in this place.
 G = Mean time per level.
                   A        B        C        D        E       F      G
               +--------+--------+--------+--------+--------+-----+--------+
         Total |   1180 |   1161 |     19 |      0 |    918 |   2 |  590.0 |
       Dungeon |   1180 |   1161 |     19 |      0 |    918 |   2 |  590.0 |
               +--------+--------+--------+--------+--------+-----+--------+

Top non-repeatable levels by time:
     D:1: 994 daAuts
     D:2: 186 daAuts
